 Dungeon Crawl Stone Soup version 0.18.1-5-g4a78601 (webtiles) character file.

368755 imganon the Axe Maniac (level 21, -18/178 HPs)
             Began as a Demonspawn Berserker on May 13, 2016.
             Was the Champion of Trog.
             Demolished by a daeva
             ... wielding a +3 scimitar of holy wrath
              (22 damage)
             ... on level 3 of the Depths.
             The game lasted 02:09:40 (41569 turns).

imganon the Axe Maniac (Demonspawn Berserker)      Turns: 41569, Time: 02:09:42

Health: -18/178    AC: 36    Str: 38    XL:     21   Next: 65%
Magic:  9/9        EV:  8    Int: 10    God:    Trog [******]
Gold:   6836       SH:  0    Dex: 13    Spells: 0 memorised, 20 levels left

rFire  . . .     SeeInvis .     V - +9 executioner's axe (antimagic)
rCold  . . .     Gourm    .     b - +4 plate armour {MR+}
rNeg   + + .     Faith    .     (shield currently unavailable)
rPois  +         Spirit   .     (helmet unavailable)
rElec  +         Dismiss  .     s - +2 cloak
rCorr  .         Reflect  .     Q - +0 pair of gloves of Axtui {rElec rN+ Str+2}
SustAt .         Harm     .     J - +2 pair of boots
MR     ++...                    z - amulet of Vitality {Regen+ HP+15}
Stlth  ..........               N - ring "Peat" {AC+4 Str+4}
                                y - ring of Temperance {rElec rPois rN+ Str+6 Stlth-}

@: about to teleport, glowing, very resistant to hostile enchantments, extremely
unstealthy
A: horns 3, molten scales 2, foul stench 1, powered by death 2, augmentation 1,
rot immunity
a: Berserk, Trog's Hand, Brothers in Arms, Burn Spellbooks, Renounce Religion
}: 2/15 runes: serpentine, barnacled


You were on level 3 of the Depths.
You worshipped Trog.
Trog was exalted by your worship.
You were very full.

You visited 7 branches of the dungeon, and saw 40 of its levels.
You visited the Abyss 1 time.
You also visited: Ossuary, Bailey and Ice Cave.

You collected 7011 gold pieces.
You spent 175 gold pieces at shops.

Inventory:

Hand Weapons
 T - a +2 battleaxe of flaming
 U - a +4 executioner's axe of chopping
 V - a +9 antimagic executioner's axe (weapon)
Armour
 b - a +4 plate armour of magic resistance (worn)
 s - a +2 cloak (worn)
 J - a +2 pair of boots (worn)
 Q - the +0 pair of gloves of Axtui (worn) {rElec rN+ Str+2}
   (You found it in a bailey)

   It affects your strength (+2).
   It insulates you from electricity.
   It protects you from negative energy.
Jewellery
 i - an uncursed ring of protection from cold {unknown}
 r - a cursed ring of positive energy
 u - an uncursed ring of flight
 y - the ring of Temperance (left hand) {rElec rPois rN+ Str+6 Stlth-}
   (You found it on level 4 of the Dungeon)

   [ring of poison resistance]

   It affects your strength (+6).
   It insulates you from electricity.
   It protects you from poison.
   It protects you from negative energy.
   It makes you less stealthy.
 z - the amulet of Vitality (around neck) {Regen+ HP+15}
   (You found it on level 8 of the Lair of Beasts)

   [amulet of regeneration]

   It affects your health (+15).
   It increases your rate of regeneration.
 C - an uncursed ring of positive energy
 D - an uncursed ring of see invisible {unknown}
 H - an uncursed ring of protection from fire
 N - the ring "Peat" (right hand) {AC+4 Str+4}
   (You found it on level 3 of the Lair of Beasts)

   [ring of protection]

   It affects your AC (+4).
   It affects your strength (+4).
Wands
 n - a wand of digging (2/24)
 q - a wand of paralysis (12/24)
 I - a wand of disintegration (9/24)
 K - a wand of teleportation (4/9)
 L - a wand of lightning (5/15)
 M - a wand of iceblast (9/15)
 R - a wand of enslavement (13/24)
 S - a wand of acid (9/15)
Scrolls
 a - 4 scrolls of fear
 d - 4 scrolls of teleportation
 e - 28 scrolls of identify
 h - 17 scrolls of remove curse
 l - 10 scrolls of recharging
 o - 6 scrolls of fog
 t - 8 scrolls of magic mapping
 O - 3 scrolls of enchant weapon
 P - 2 scrolls of blinking
 X - 4 scrolls of enchant armour
Potions
 f - 7 potions of cancellation
 j - 4 potions of resistance
 k - 2 potions of invisibility
 p - 5 potions of might
 w - 5 potions of flight
 x - 12 potions of brilliance
 B - 4 potions of magic
 E - 6 potions of cure mutation
 F - a potion of agility
 G - 7 potions of curing
 Z - 4 potions of haste
Comestibles
 c - 8 bread rations
 g - 11 beef jerkies
 m - 23 fruits
 v - 15 royal jellies
 A - 13 meat rations


   Skills:
 + Level 13.5 Fighting
 O Level 27 Axes
 + Level 13.6 Armour
 - Level 1.7 Dodging
 - Level 11.0 Evocations


You had 20 spell levels left.
You didn't know any spells.

Dungeon Overview and Level Annotations

Branches:
Dungeon (15/15)            Temple (0/1) D:4            Lair (8/8) D:9
 Shoals (4/4) Lair:4        Snake (4/4) Lair:3        Slime (0/6) Lair:7
    Orc (2/2) D:11            Elf (0/3) Orc:2        Vaults (4/5) D:14
  Crypt (0/3) Vaults:2     Depths (3/5) D:15

Altars:
Ashenzari
Cheibriados
Dithmenos
Elyvilon
Gozag
Makhleb
Pakellas
Qazlal
Ru
Trog
Vehumet
Yredelemnul
Zin
Beogh
Jiyva

Shops:
D:4 %   D:5 *   Orc:2 (=[*   Vaults:3 [((   Depths:3 *

Portals:
Hell: Depths:1 Depths:2 Depths:3
Abyss: Depths:1 Depths:3
Pandemonium: Depths:3
Ziggurat: Depths:3
Trove: Depths:2 (give 7 potions of haste)


Innate Abilities, Weirdness & Mutations

You have a pair of large horns on your head.
You are mostly covered in molten scales (AC +3, EV -1).
You may emit foul miasma when damaged in melee.
You regenerate health from kills.
Your magical and physical power is slightly enhanced at high health.
You are immune to rotting.


Message History

The daeva blocks your attack.
Your headbutt misses the daeva.
The daeva is severely wounded.
Unknown command.
Unknown command.
The daeva blocks your attack.
You headbutt the daeva, but do no damage.
The daeva is severely wounded.
The daeva hits you but does no damage.
The daeva hits you with a scimitar of holy wrath!
* * * LOW HITPOINT WARNING * * *
You convulse!
* * * LOW HITPOINT WARNING * * *
Unknown command.
Read which item? (? for menu, Esc to quit)
As you read the scroll of teleportation, it crumbles to dust.
You feel strangely unstable.
The daeva hits you with a scimitar of holy wrath!!
* * * LOW HITPOINT WARNING * * *
You convulse!!
You die...

...............#.##.+
#.#....
.......#.#.#.#..##..
##.#...
...............##..
#.#.#..
......##########..#
#####.. ##....# #...#
#.. ###..# #..#.# #..
#..# #.. #A# #.. #..#
#..###A### #.. #..# #.A
#.@...# ###.. ##..# +.
#.#.#.+ ###.... #...# #
###.....# ###......
##..# ##...#.#.#
###........ #..#
.#........###...⌠.⌠.⌠..
##.#
.#.....)...'...........
# #.#
.#.....)..###...⌠.⌠.⌠..
# #.# ##...#.#.#
###........ # ##.#
###.....# ###......


You could see a daeva and a cherub.

Vanquished Creatures
  Saint Roka (Orc:2)
  The ghost of ololoev the Black Belt, a veteran DsWn of Makhleb (Vaults:4)
  A golden dragon (Depths:2)
  2 tentacled monstrosities (Depths:2)
  An Ice Fiend (IceCv)
  A shadow dragon (Depths:2)
  A sphinx (Vaults:2)
  Kirke (Shoals:1)
  11 greater nagas
  A daeva (Depths:3)
  2 tengu reavers (Vaults:2)
  Maud (Lair:5)
  4 fire giants
  5 frost giants
  Ilsuiw (Shoals:4)
  A deep elf sorcerer (Depths:1)
  6 vault wardens
  Louise (D:14)
  Aizul (Snake:2)
  Donald (Orc:2)
  An angel (Depths:3)
  11 ironheart preservers
  A war gargoyle (Vaults:3)
  10 stone giants
  24 very ugly things
  A draconian caller (Abyss:2)
  A reaper (Depths:3)
  A black draconian (Abyss:2)
  Nessos (D:15)
  3 vampire knights
  A salamander stormcaller (Vaults:3)
  2 deep elf demonologists (Vaults:1)
  3 deep elf annihilators
  3 spark wasps (Depths:2)
  Azrael (D:13)
  3 merfolk javelineers (Shoals:4)
  9 merfolk impalers
  A fire dragon (Depths:2)
  An eidolon (Abyss:2)
  3 deep elf death magi
  A crystal guardian (Vaults:4)
  6 ettins
  6 yaktaur captains
  4 rakshasas
  3 great orbs of eyes
  4 hydras
  2 entropy weavers
  13 naga warriors
  4 ice dragons
  An alligator snapping turtle (Shoals:3)
  13 ogre magi
  A catoblepas (Lair:8)
  11 anacondas
  5 centaur warriors
  4 merfolk avatars
  2 dancing weapons (D:14)
  5 merfolk aquamancers
  2 death knights
  7 tengu warriors
  7 death yaks
  6 shock serpents
  3 deep troll earth magi
  6 deep troll shamans
  2 thrashing horrors (Abyss:2)
  18 naga sharpshooters
  3 iron trolls
  5 deep elf knights
  A shadow wraith (Vaults:3)
  A fire crab (Vaults:4)
  2 wretched stars (Abyss:2)
  A death drake (shapeshifter) (Vaults:2)
  3 unseen horrors (D:15)
  5 salamander mystics
  An unseen horror (shapeshifter) (D:9)
  17 deep trolls
  7 hell knights (Depths:1)
  3 giant orange brains
  11 sea snakes
  2 wizards
  3 flayed ghosts
  4 naga ritualists
  10 hill giants
  A harpy (shapeshifter) (Vaults:1)
  11 orc knights
  3 mana vipers
  A wolf spider zombie (D:14)
  3 necromancers
  The ghost of Scarto the Skirmisher, a novice DsFi of Qazlal (D:6)
  4 deep elf archers
  8 deep elf magi
  8 harpies (Shoals:4)
  20 ironbrand convokers
  A lindwurm (Lair:8)
  8 griffons
  A shining eye (Depths:3)
  31 ugly things
  7 fauns
  6 orc sorcerers
  4 wolf spiders
  2 hornets (Vaults:1)
  12 salamanders
  9 cyclopes
  11 manticores
  A hornet (shapeshifter) (Vaults:3)
  An octopode (shapeshifter) (Depths:2)
  An iron dragon skeleton (Abyss:2)
  16 elephants
  A black mamba (shapeshifter) (Depths:2)
  2 eyes of devastation (Depths:3)
  A rust devil (Abyss:2)
  24 naga magi
  14 sirens
  3 ice statues (IceCv)
  5 gargoyles
  4 guardian serpents
  4 water nymphs
  12 vault sentinels
  19 black mambas
  22 spiny frogs
  A rime drake (Lair:6)
  4 freezing wraiths
  8 ice devils (IceCv)
  A rime drake (shapeshifter) (D:15)
  9 komodo dragons
  A kobold demonologist (D:13)
  27 yaktaurs
  An efreet (D:14)
  A hellwing (Depths:3)
  2 ancient zymes (Abyss:2)
  A merfolk (shapeshifter) (D:15)
  4 anaconda simulacra (IceCv)
  4 tengu conjurers
  A polar bear (shapeshifter) (Vaults:3)
  42 merfolk
  5 trolls
  A jumping spider (Depths:2)
  A queen bee (Orc:1)
  10 blink frogs
  5 boulder beetles
  A wind drake (Shoals:1)
  2 polar bears
  8 slime creatures
  28 two-headed ogres
  2 human simulacra (Vaults:1)
  4 raiju (Abyss:2)
  9 snapping turtles
  A centaur simulacrum (D:14)
  Sigmund (D:6)
  8 redbacks
  5 wraiths
  2 shadows
  A ynoxinul (Abyss:2)
  A spriggan (Lair:4)
  12 water elementals
  5 hogs
  A human (D:7)
  5 wyverns
  A dire elephant simulacrum (IceCv)
  2 basilisks
  61 yaks
  2 steam dragons
  A yaktaur simulacrum (Vaults:1)
  A human (shapeshifter) (Vaults:1)
  13 hippogriffs
  3 fire elementals (D:13)
  4 hungry ghosts
  3 neqoxecs (Depths:3)
  3 mottled dragons
  2 chaos spawn (Abyss:2)
  3 large abominations (Abyss:2)
  17 vampire mosquitoes
  A harpy simulacrum (IceCv)
  A soldier ant (shapeshifter) (Vaults:1)
  4 soldier ants
  38 nagas
  3 wargs
  3 hell hounds
  17 water moccasins
  2 giant eyeballs
  8 porcupines
  An ogre skeleton (Vaults:1)
  41 orc warriors
  5 ice beasts
  A swamp drake (shapeshifter) (Vaults:2)
  3 sky beasts
  4 black bears
  3 eyes of draining
  42 ogres
  A black bear (shapeshifter) (Vaults:3)
  A wasp (D:11)
  A wasp (shapeshifter) (Depths:2)
  17 centaurs
  4 phantoms
  20 boggarts
  17 wolves
  17 crocodiles
  2 elf zombies (Ossuary)
  2 big kobolds
  14 giant frogs
  Blork the orc (D:6)
  2 human skeletons (Vaults:1)
  A wyvern zombie (D:11)
  2 boulder beetle zombies (Vaults:1)
  6 scorpions
  3 troll zombies (D:11)
  31 killer bees
  10 wights
  12 electric eels (D:11)
  5 howler monkeys
  7 crimson imps
  2 small abominations (Abyss:2)
  5 centaur zombies
  A giant frog zombie (D:7)
  A quasit (D:8)
  A human zombie (Ossuary)
  4 jellies
  7 hounds
  18 orc wizards
  14 orc priests
  2 giant frog skeletons (D:7)
  3 centaur skeletons
  4 iguanas
  Natasha (D:2)
  8 worker ants
  A killer bee zombie (D:7)
  34 sheep
  2 ogre zombies (D:11)
  A hound skeleton (D:11)
  3 mummies
  3 gnolls (D:6)
  18 adders
  45 river rats
  6 shadow imps
  4 oozes
  An adder skeleton (D:6)
  2 adder zombies (Ossuary)
  A worm (D:3)
  3 dart slugs
  3 giant geckos
  89 orcs
  4 ball pythons
  5 giant cockroaches
  11 goblins
  10 hobgoblins
  2 jackals (D:4)
  11 kobolds
  4 quokkas
  5 bats
  A giant gecko zombie (D:5)
  11 giant newts
  8 goblin zombies
  10 hobgoblin zombies
  A jackal skeleton (D:8)
  9 kobold zombies (Ossuary)
  2 orc skeletons (D:11)
  18 orc zombies
  A quokka skeleton (D:4)
  9 rats
  A rat zombie (Ossuary)
  3 fungi
  13 plants
1742 creatures vanquished.

Vanquished Creatures (collateral kills)
  A merfolk impaler (Shoals:4)
  An orc high priest (Orc:2)
  An orc sorcerer (Orc:2)
  2 ice devils (IceCv)
  A golden dragon simulacrum (IceCv)
  An anaconda simulacrum (IceCv)
  A hydra simulacrum (IceCv)
  An ettin simulacrum (IceCv)
9 creatures vanquished.

Vanquished Creatures (others)
  A naga mage (Snake:4)
  A human (Shoals:1)
  2 ogres
  A quokka (D:6)
  3 fungi
  8 plants
16 creatures vanquished.

Grand Total: 1767 creatures vanquished

Notes
Turn   | Place    | Note
--------------------------------------------------------------
     0 | D:1      | imganon the Demonspawn Berserker began the quest for the Orb.
     0 | D:1      | Reached XP level 1. HP: 18/18 MP: 1/1
    77 | D:1      | Reached skill level 3 in Axes
   344 | D:1      | Gained mutation: You are immune to rotting. [demonic ancestry]
   344 | D:1      | Reached XP level 2. HP: 19/24 MP: 2/2
   805 | D:1      | Reached ** piety under Trog
  1024 | D:1      | Reached XP level 3. HP: 23/29 MP: 3/3
  1574 | D:2      | Reached skill level 4 in Axes
  1913 | D:2      | Noticed Natasha
  1920 | D:2      | Killed Natasha
  1920 | D:2      | Gained mutation: You are partially covered in molten scales (AC +1). [demonic ancestry]
  1920 | D:2      | Reached XP level 4. HP: 20/35 MP: 4/4
  2196 | D:2      | Found a stormy altar of Qazlal.
  2455 | D:3      | Reached skill level 5 in Axes
  2596 | D:3      | Reached XP level 5. HP: 32/41 MP: 5/5
  2714 | D:3      | Reached *** piety under Trog
  2840 | D:3      | Noticed an ice beast
  2847 | D:3      | Killed an ice beast
  2847 | D:3      | Reached skill level 6 in Axes
  3104 | D:4      | Reached XP level 6. HP: 40/47 MP: 6/6
  3455 | D:3      | HP: 2/47 [poisoned by a worker ant]
  4010 | D:4      | Found a staircase to the Ecumenical Temple.
  4041 | D:4      | Found Dekkakk's Food Emporium.
  4059 | D:4      | Reached skill level 7 in Axes
  4154 | D:4      | Reached XP level 7. HP: 52/52 MP: 7/7
  4210 | D:4      | Found a bloodstained altar of Trog.
  4284 | D:4      | Got a fine jade ring
  4367 | D:4      | Reached skill level 8 in Axes
  4418 | D:4      | Found a radiant altar of Vehumet.
  4428 | D:4      | Identified the ring of Temperance {rElec rPois rN+ Str+6 Stlth-} (You found it on level 4 of the Dungeon)
  4497 | D:4      | Found a shadowy altar of Dithmenos.
  4604 | D:5      | Entered Level 5 of the Dungeon
  4706 | D:5      | Reached **** piety under Trog
  4791 | D:5      | Found a sand-covered staircase.
  4804 | Ossuary  | Entered an ossuary
  4961 | Ossuary  | Reached skill level 9 in Axes
  4961 | Ossuary  | Gained mutation: You have a pair of small horns on your head. [demonic ancestry]
  4961 | Ossuary  | Reached XP level 8. HP: 45/58 MP: 8/8
  5526 | D:5      | Found Keoczuf's Assorted Antiques.
  5821 | D:6      | Reached skill level 10 in Axes
  5841 | D:6      | You fall through a shaft!
  5960 | D:6      | Noticed Sigmund
  5965 | D:6      | Killed Sigmund
  6082 | D:6      | Reached skill level 11 in Axes
  6087 | D:6      | Reached XP level 9. HP: 20/63 MP: 9/9
  6466 | D:6      | Found a white marble altar of Elyvilon.
  6513 | D:6      | Noticed Scarto's ghost (novice DsFi)
  6524 | D:6      | Killed Scarto's ghost
  6664 | D:6      | Noticed Blork the orc
  6719 | D:6      | Killed Blork the orc
  7027 | D:6      | Found a stormy altar of Qazlal.
  7029 | D:6      | Found a glowing silver altar of Zin.
  7175 | D:7      | Reached skill level 12 in Axes
  7699 | D:7      | Found an opulent altar of Gozag.
  7901 | D:7      | Found a snail-covered altar of Cheibriados.
  8028 | D:7      | Reached skill level 13 in Axes
  8103 | D:8      | Gained mutation: You regenerate a little health from kills. [demonic ancestry]
  8103 | D:8      | Reached XP level 10. HP: 68/70 MP: 10/10
  8411 | D:8      | Found a burning altar of Makhleb.
  8670 | D:9      | Found a staircase to the Lair.
  8782 | D:9      | Found an oddly glowing altar of Pakellas.
  8783 | D:9      | Found a sacrificial altar of Ru.
  8783 | D:9      | Found a basalt altar of Yredelemnul.
  8855 | D:9      | Reached ***** piety under Trog
  8863 | D:9      | Got a translucent war axe
  8873 | D:9      | Identified the +8 war axe "Demonbane" {chop, MP+9 Str+3 Stlth+} (You found it on level 9 of the Dungeon)
  8944 | D:9      | Noticed a wolf spider
  8944 | D:9      | Noticed an octopode
  8944 | D:9      | Noticed a manticore
  8958 | D:9      | Killed a manticore
  9018 | D:9      | Found a shattered altar of Ashenzari.
  9217 | D:9      | Noticed a salamander
  9217 | D:9      | a komodo dragon changed into a salamander
  9222 | D:9      | a salamander changed into something unseen
  9227 | D:9      | Killed an unseen horror
  9227 | D:9      | Reached skill level 14 in Axes
  9290 | D:9      | Killed a wolf spider
  9513 | D:10     | Entered Level 10 of the Dungeon
 10131 | D:10     | Received a gift from Trog
 10584 | Lair:1   | Entered Level 1 of the Lair of Beasts
 10807 | Lair:1   | Reached skill level 15 in Axes
 10807 | Lair:1   | Reached XP level 11. HP: 69/75 MP: 11/11
 10936 | Lair:1   | Noticed a five-headed hydra
 10949 | Lair:1   | Killed a two-headed hydra
 12006 | Lair:2   | Reached skill level 16 in Axes
 12381 | Lair:3   | Got a transparent golden ring
 12391 | Lair:3   | Identified the ring "Peat" {AC+4 Str+4} (You found it on level 3 of the Lair of Beasts)
 12463 | Lair:3   | Found a staircase to the Snake Pit.
 12526 | Lair:3   | Reached skill level 5 in Fighting
 12753 | Lair:3   | Gained mutation: You have a pair of horns on your head. [demonic ancestry]
 12753 | Lair:3   | Reached XP level 12. HP: 86/86 MP: 12/12
 12792 | Lair:3   | Reached skill level 5 in Armour
 13085 | Lair:4   | Received a gift from Trog
 13528 | Lair:4   | Reached ****** piety under Trog
 13704 | Lair:4   | Found a staircase to the Shoals.
 13875 | Lair:4   | Reached XP level 13. HP: 101/101 MP: 13/13
 13885 | Lair:4   | Received a gift from Trog
 14344 | Lair:5   | You are sucked into a shaft for 2 floors!
 14409 | Lair:7   | Found a runed door.
 14409 | Lair:7   | Found a viscous altar of Jiyva.
 14604 | Lair:7   | Found a staircase to the Slime Pits.
 14985 | Lair:8   | Entered Level 8 of the Lair of Beasts
 14994 | Lair:8   | Reached skill level 10 in Fighting
 15740 | Lair:8   | Reached skill level 10 in Armour
 15748 | Lair:8   | Reached skill level 17 in Axes
 15991 | Lair:8   | Received a gift from Trog
 16329 | Lair:6   | Gained mutation: You have a pair of large horns on your head. [demonic ancestry]
 16329 | Lair:6   | Reached XP level 14. HP: 110/110 MP: 14/14
 17108 | Lair:5   | Reached skill level 1 in Evocations
 17223 | Lair:5   | Noticed Maud
 17238 | Lair:5   | Killed Maud
 17548 | Lair:5   | You fall through a shaft!
 17908 | D:11     | Identified 3 scrolls of acquirement
 18534 | D:12     | Received a gift from Trog
 18888 | D:13     | Reached skill level 5 in Evocations
 18911 | D:13     | Found a flagged portal.
 18918 | Bailey   | Entered a bailey
 19102 | Bailey   | Got a pair of ancient gloves
 19223 | Bailey   | Identified the +0 pair of gloves of Axtui {rElec rN+ Str+2} (You found it in a bailey)
 19299 | D:13     | Noticed Azrael
 19301 | D:13     | Killed Azrael
 19992 | D:14     | Found a gate to the Vaults.
 19997 | D:14     | Reached skill level 18 in Axes
 20024 | D:14     | Noticed Louise
 20553 | D:11     | Found a staircase to the Orcish Mines.
 20589 | D:11     | Received a gift from Trog
 21116 | Orc:1    | Entered Level 1 of the Orcish Mines
 21123 | Orc:1    | Paralysed by an orc sorcerer for 6 turns
 21274 | Orc:2    | Entered Level 2 of the Orcish Mines
 21417 | Orc:1    | Reached XP level 15. HP: 106/115 MP: 6/20
 21537 | Orc:2    | Found a staircase to the Elven Halls.
 21822 | Orc:1    | Found a roughly hewn altar of Beogh.
 21892 | Orc:2    | Received a gift from Trog
 21933 | Orc:2    | Found a roughly hewn altar of Beogh.
 21933 | Orc:2    | Noticed Saint Roka
 22066 | Orc:2    | Killed Saint Roka
 22208 | Orc:2    | Found Gitediy's Antique Armour Shop.
 22231 | Orc:2    | Bought a pair of runed boots for 90 gold pieces
 22259 | Orc:2    | Noticed Donald
 22265 | Orc:2    | Killed Donald
 22413 | Orc:2    | Found Utwuc's Antique Weapon Shop.
 22428 | Orc:2    | Found Wycseb's Jewellery Shop.
 22444 | Orc:2    | Found Vonejoil's General Store.
 22451 | Orc:2    | Bought a potion of heal wounds for 85 gold pieces
 22867 | D:14     | Received a gift from Trog
 22996 | D:14     | Cast into level 2 of the Abyss (Louise)
 23029 | Abyss:2  | Got a tiger eye-encrusted plate armour
 23040 | Abyss:2  | Identified the cursed +1 plate armour of Ikemez {rElec rN+ Stlth+} (You found it on level 2 of the Abyss)
 23204 | Abyss:2  | Found a sparkling altar of Nemelex Xobeh.
 23273 | Abyss:2  | Found a corrupted altar of Lugonu.
 23320 | D:14     | Escaped the Abyss
 23325 | D:14     | Killed Louise
 23396 | D:14     | Reached skill level 10 in Evocations
 23711 | D:15     | Entered Level 15 of the Dungeon
 23776 | D:15     | Reached skill level 19 in Axes
 24007 | D:15     | Noticed Nessos
 24019 | D:15     | Killed Nessos
 24410 | Snake:1  | Entered Level 1 of the Snake Pit
 24605 | Snake:1  | Received a gift from Trog
 24821 | Snake:1  | Gained mutation: You regenerate health from kills. [demonic ancestry]
 24821 | Snake:1  | Reached XP level 16. HP: 119/122 MP: 8/24
 24825 | Snake:1  | Found an oddly glowing altar of Pakellas.
 25827 | Snake:2  | Received a gift from Trog
 25949 | Snake:2  | Noticed Aizul
 25958 | Snake:2  | Reached skill level 20 in Axes
 25966 | Snake:2  | Killed Aizul
 26123 | Snake:3  | Found an opulent altar of Gozag.
 26857 | Snake:4  | Entered Level 4 of the Snake Pit
 26895 | Snake:4  | Received a gift from Trog
 27565 | Snake:4  | Reached skill level 21 in Axes
 27939 | Snake:4  | Received a gift from Trog
 27951 | Snake:4  | Reached XP level 17. HP: 106/128 MP: 8/25
 28547 | Snake:4  | Received a gift from Trog
 28567 | Snake:4  | Reached skill level 22 in Axes
 28648 | Snake:4  | Got a serpentine rune of Zot
 29008 | Shoals:1 | Entered Level 1 of the Shoals
 29174 | Shoals:1 | Noticed Kirke
 29188 | Shoals:1 | Killed Kirke
 29612 | Shoals:2 | Found a frozen archway.
 29649 | IceCv    | Entered an ice cave
 30001 | IceCv    | Noticed an Ice Fiend
 30013 | IceCv    | Killed an Ice Fiend
 30308 | Shoals:2 | Received a gift from Trog
 31053 | Shoals:3 | Got a spiked plate armour
 31068 | Shoals:3 | Identified the +7 plate armour of Inaction {+Fly Dex+2 Stlth-} (You found it on level 3 of the Shoals)
 31221 | Shoals:3 | Reached skill level 23 in Axes
 31497 | Shoals:3 | Gained mutation: You are mostly covered in molten scales (AC +3, EV -1). [demonic ancestry]
 31497 | Shoals:3 | Reached XP level 18. HP: 134/134 MP: 8/26
 31705 | Shoals:4 | Entered Level 4 of the Shoals
 31845 | Shoals:4 | Received a gift from Trog
 31855 | Shoals:4 | Noticed Ilsuiw
 31896 | Shoals:4 | Killed Ilsuiw
 32978 | Shoals:4 | Got a barnacled rune of Zot
 33022 | Shoals:4 | Received a gift from Trog
 33435 | Vaults:1 | Entered Level 1 of the Vaults
 33624 | Vaults:1 | Reached skill level 24 in Axes
 34277 | Vaults:1 | Received a gift from Trog
 34716 | Vaults:2 | Gained mutation: Your magical and physical power is slightly enhanced at high health. [demonic ancestry]
 34716 | Vaults:2 | Reached XP level 19. HP: 140/140 MP: 9/27
 34766 | Vaults:2 | Found a staircase to the Crypt.
 34862 | Vaults:2 | Received a gift from Trog
 35003 | Vaults:2 | Reached skill level 25 in Axes
 35320 | Vaults:2 | Received a gift from Trog
 35894 | Vaults:3 | Received a gift from Trog
 35920 | Vaults:3 | Received a gift from Trog
 36048 | Vaults:3 | Found Gozag's Antique Weapon Emporium.
 36086 | Vaults:3 | Found Gozag's Antique Armour Emporium.
 36106 | Vaults:3 | Found an opulent altar of Gozag.
 36121 | Vaults:3 | Found Gozag's Antique Weapon Shoppe.
 36363 | Vaults:3 | Reached skill level 26 in Axes
 36964 | Vaults:4 | Received a gift from Trog
 37160 | Vaults:4 | Noticed ololoev's ghost (veteran DsWn)
 37221 | Vaults:4 | Reached XP level 20. HP: 147/147 MP: 9/28
 37719 | Vaults:4 | Killed ololoev's ghost
 38041 | Vaults:4 | Received a gift from Trog
 38368 | D:15     | Found a staircase to the Depths.
 38659 | Depths:1 | Entered Level 1 of the Depths
 38811 | Depths:1 | Found a gateway to Hell.
 38844 | Depths:1 | Received a gift from Trog
 38924 | Depths:1 | Reached skill level 27 in Axes
 39118 | Depths:1 | Found a one-way gate to the infinite horrors of the Abyss.
 39935 | Depths:2 | Received a gift from Trog
 39956 | Depths:2 | Found a portal to a secret trove of treasure.
 40104 | Depths:2 | Gained mutation: You may emit foul miasma when damaged in melee. [demonic ancestry]
 40104 | Depths:2 | Reached XP level 21. HP: 158/158 MP: 9/29
 40200 | Depths:2 | Noticed a golden dragon
 40210 | Depths:2 | Killed a golden dragon
 40697 | Depths:2 | Received a gift from Trog
 40797 | Depths:3 | Found Eliklim's Elemental Accessories.
 40816 | Depths:3 | Found a gateway to a ziggurat.
 40840 | Depths:3 | Paralysed by a giant eyeball for 2 turns
 40907 | Depths:3 | Found a one-way gate leading to the halls of Pandemonium.
 41081 | Depths:3 | Received a gift from Trog
 41569 | Depths:3 | HP: 4/178 [daeva/scimitar of holy wrath (31)]
 41569 | Depths:3 | Demolished by a daeva

Skill      XL: |  1  2  3  4  5  6  7  8  9 10 11 12 13 14 15 16 17 18 19 20 21 |
---------------+----------------------------------------------------------------+-----
Axes           | 3 4 5 6 7 9 11 13 15 16 17 18 19 21 23 24 26 27 | 27.0
Armour         | 4 7 10 11 12 13 | 13.6
Fighting       | 5 9 10 11 13 | 13.5
Evocations     | 7 11 | 11.0
Dodging        | |  1.7

Action                   |  1- 3 |  4- 6 |  7- 9 | 10-12 | 13-15 | 16-18 | 19-21 || total
-------------------------+-------+-------+-------+-------+-------+-------+-------++-------
Melee: Hand axe          |   125 |   200 |   564 |    85 |       |       |       ||   974
       Headbutt          |       |       |    90 |   137 |   341 |   354 |   326 ||  1248
       War axe           |       |       |       |   395 |   451 |       |       ||   846
       Battleaxe         |       |       |       |    39 |     6 |       |     3 ||    48
       Executioner's axe |       |       |       |       |   710 |  1324 |  1008 ||  3042
Invok: Berserk           |     1 |     5 |     7 |     7 |     4 |     3 |     1 ||    28
       Burn Spellbooks   |       |       |       |     4 |     4 |     1 |     3 ||    12
       Trog's Hand       |       |       |       |     1 |       |     7 |     4 ||    12
       Brothers in Arms  |       |       |       |       |     1 |     3 |       ||     4
Evoke: Wand              |       |       |       |       |       |     2 |     1 ||     3
  Use: Potion            |       |     1 |       |     4 |     8 |    10 |     2 ||    25
       Scroll            |       |       |     7 |    16 |    12 |    18 |     5 ||    58
 Stab: Sleeping          |     1 |       |       |       |       |       |       ||     1
       Distracted        |       |       |       |       |       |     2 |     1 ||     3
  Eat: Chunk             |     4 |    11 |    17 |    15 |    31 |     4 |     3 ||    85
       Fruit             |       |     1 |       |       |     3 |     6 |       ||    10
       Bread ration      |       |       |     1 |     2 |     1 |     4 |     5 ||    13
       Pizza             |       |       |       |     2 |     7 |     2 |     1 ||    12
       Beef jerky        |       |       |       |       |     1 |     1 |     1 ||     3
       Royal jelly       |       |       |       |       |       |     2 |       ||     2
       Meat ration       |       |       |       |       |       |     1 |       ||     1
Armor: Animal skin       |    20 |     7 |       |       |       |       |       ||    27
       Scale mail        |       |    40 |       |       |       |       |       ||    40
       Plate armour      |       |    46 |   300 |   272 |   889 |  1125 |   690 ||  3322
Dodge: Dodged            |    80 |    77 |   133 |   132 |   516 |   527 |   284 ||  1749
Block: Other             |       |       |       |     6 |    16 |       |       ||    22
